 Dungeon Crawl Stone Soup version 0.23.2-30-g0e89c35649 (webtiles) character file.

Game seed: 10971956678350555936

114 CheeseeCupcake the Vandal (level 5, -2/32 HPs)
             Began as a Kobold Hunter on June 8, 2019.
             Killed from afar by Ijyb (5 damage)
             ... with a wand of flame (9)
             ... on level 3 of the Dungeon.
             The game lasted 00:05:39 (2406 turns).

CheeseeCupcake the Vandal (Kobold Hunter)           Turns: 2406, Time: 00:05:39

Health: -2/32      AC:  4    Str:  9    XL:     5   Next: 18%
Magic:  5/5        EV: 16    Int: 13    God:
Gold:   105        SH:  0    Dex: 16    Spells: 4/4 levels left

rFire    . . .     SeeInvis .   a - +1 hunting sling
rCold    . . .     Gourm    .   (shield restricted)
rNeg     . . .     Faith    .   c - +0 leather armour
rPois    .         Spirit   .   (no helmet)
rElec    .         Reflect  .   d - +0 cloak
rCorr    .         Harm     .   (no gloves)
MR       .....                  (no boots)
Stlth    ++........             (no amulet)
HPRegen  0.10/turn              (no ring)
MPRegen  0.09/turn              (no ring)

@: no status effects
A: small, carnivore
a: no special abilities


You were on level 3 of the Dungeon.
You were not hungry.

You visited 1 branch of the dungeon, and saw 4 of its levels.

You collected 105 gold pieces.

Inventory:

Hand Weapons
 a - a +1 hunting sling (weapon)
 b - a +0 short sword
Missiles
 h - 121 stones (quivered)
Armour
 c - a +0 leather armour (worn)
 d - a +0 cloak (worn)
Jewellery
 e - an uncursed amulet of the acrobat {unknown}
Scrolls
 g - 2 scrolls of identify {unknown}
 k - a scroll of teleportation {unknown}
 l - 5 scrolls of remove curse {unknown}
 m - a scroll of noise {unknown}
Potions
 i - a potion of degeneration {unknown}
 j - 2 potions of agility {unknown}
 o - a potion of haste {unknown}
 p - a potion of brilliance {unknown}
Comestibles
 f - 6 rations


   Skills:
 + Level 3.4 Fighting
 - Level 4.0 Slings
 + Level 0.9 Armour
 * Level 3.9 Dodging
 * Level 3.5 Stealth


You had 4 spell levels left.
You didn't know any spells.
Your spell library was empty.

Dungeon Overview and Level Annotations

Branches:
Dungeon (4/15)
 Temple: D:4-7

Altars:
Fedhas
Vehumet

Annotations:
D:2 Sigmund
D:3 Ijyb


Innate Abilities, Weirdness & Mutations

You are small and have problems with some larger weapons.
You are carnivorous and can eat meat at any time.


Message History

You shoot a sling bullet.
The sling bullet hits Ijyb but does no damage.
Ijyb shouts!
Ijyb zaps a wand.
The puff of flame hits you!
Firing (i - inventory. (/) - cycle)
n - 2 sling bullets (quivered)
Press: ? - help, Shift-Dir - straight line, f/p - Ijyb
Aim: Ijyb, wearing a +0 scale mail of positive energy and carrying a wand of flame (11)
You shoot a sling bullet. The sling bullet hits Ijyb.
Ijyb is lightly wounded.
Firing (i - inventory. (/) - cycle)
n - a sling bullet (quivered)
Press: ? - help, Shift-Dir - straight line, f/p - Ijyb
Aim: Ijyb, wearing a +0 scale mail of positive energy and carrying a wand of flame (11) (lightly wounded)
You shoot a sling bullet.
The sling bullet hits Ijyb but does no damage.
Ijyb is lightly wounded.
Ijyb zaps a wand.
The puff of flame hits you!
Ijyb zaps a wand.
The puff of flame hits you!
* * * LOW HITPOINT WARNING * * *
Ijyb zaps a wand.
The puff of flame hits you.
You die...

.≈.≈≈.≈.≈≈......# #.#
.....≈≈.≈.≈.##### #.# .#
≈≈≈≈≈≈≈≈≈≈≈≈≈### #.# .####
≈.≈≈≈.≈≈≈≈≈≈≈≈≈# #.# ..$.
≈.....≈≈.≈..#### #.# ...
.≈..≈.≈..#### #. #.# .(#
########.# #. #.##(.# )## #.#
#.#######..#..# ..#### #.#
#.@....g......# .....# #.#
##########.#..#
..##.###.###############.#..#
.###.##...##.......>..#.....#
####.##.#.##.###........#...#
........#....# #.##.#.#...###
#.....#####..###.##.#.##[##
#.##....#........##.#.# #
†....#..#.##.######.#.##.#


You could see Ijyb.

Vanquished Creatures
  Terence (D:2)
  2 adders
  A worm (D:3)
  3 dart slugs (D:1)
  3 leopard geckos
  5 orcs (D:3)
  2 ball pythons
  3 giant cockroaches
  8 hobgoblins
  6 kobolds
  3 bats (D:1)
  5 frilled lizards (D:1)
  7 goblins
  5 rats
54 creatures vanquished.

Notes
Turn   | Place    | Note
-------+----------+-------------------------------------------
     0 | D:1      | CheeseeCupcake the Kobold Hunter began the quest for the
                  | Orb.
     0 | D:1      | Reached XP level 1. HP: 12/12 MP: 1/1
    83 | D:1      | Reached XP level 2. HP: 16/17 MP: 2/2
   444 | D:1      | Reached XP level 3. HP: 22/22 MP: 3/3
  1257 | D:2      | Noticed Terence
  1264 | D:2      | Reached XP level 4. HP: 27/27 MP: 4/4
  1272 | D:2      | Killed Terence
  1512 | D:2      | Noticed Sigmund
  1654 | D:2      | Found a radiant altar of Vehumet.
  1676 | D:2      | Found a blossoming altar of Fedhas.
  2112 | D:3      | Reached XP level 5. HP: 32/32 MP: 5/5
  2394 | D:3      | Noticed Ijyb
  2406 | D:3      | Killed from afar by Ijyb

Skill      XL: |  1  2  3  4 |
---------------+-------------+-----
Stealth        | 2 3 |  3.5
Dodging        | 3 |  3.9
Fighting       | 3 |  3.4
Slings         | |  4.0
Armour         | |  0.9

Action                   |  1- 3 |  4- 6 || total
-------------------------+-------+-------++-------
 Fire: Hunting sling     |   112 |    70 ||   182
  Eat: Chunk             |     1 |     3 ||     4
Armor: Leather armour    |     7 |     6 ||    13
Dodge: Dodged            |    22 |    37 ||    59
